 Dungeon Crawl Stone Soup version 0.29.1-2-gbd0b4ee654 (webtiles) character file.

Game seed: 9300679492824354698

807 Godmorgon the Zephyrmancer (level 7, -12/37 HPs)
             Began as a Tengu Air Elementalist on Oct 30, 2022.
             Killed from afar by Dowan (49 damage)
             ... with a stone arrow
             ... on level 5 of the Dungeon.
             The game lasted 00:35:44 (6677 turns).

Godmorgon the Zephyrmancer (Tengu Air Elementalist) Turns: 6677, Time: 00:35:44

Health: -12/37     AC:  3    Str:  8    XL:     7   Next: 92%
Magic:  8/12       EV: 14    Int: 18    God:
Gold:   255        SH:  5    Dex: 14    Spells: 4/11 levels left

rFire   . . .      SeeInvis .   a - +0 dagger
rCold   . . .      Faith    .   (no shield)
rNeg    . . .      Spirit   .   g - +0 robe
rPois   .          Reflect  +   (helmet restricted)
rElec   .          Harm     +   u - scarf {harm}
rCorr   .          Rampage  .   t - +0 pair of gloves
Will    .....                   (boots unavailable)
Stlth   ++........              A - amulet of reflection
HPRegen 0.12/turn               (no ring)
MPRegen 0.13/turn               (no ring)

@: flying quickly and evasively, quick
A: beak, talons 3, nimble flight
a: no special abilities


You were on level 5 of the Dungeon.
You visited 2 branches of the dungeon, and saw 6 of its levels.

You collected 255 gold pieces.

Inventory:

Hand Weapons
 a - a +0 dagger (weapon)
Missiles
 f - 2 boomerangs of dispersal
 l - 2 curare-tipped darts (quivered)
 p - 5 atropa-tipped darts
 y - 4 poisoned darts
Armour
 g - a +0 robe (worn)
 t - a +0 pair of gloves (worn)
 u - a scarf of harm (worn)
 w - a +0 leather armour
Magical Staves
 n - a staff of fire
Jewellery
 A - an amulet of reflection (around neck)
Wands
 v - a wand of paralysis (11)
Scrolls
 c - a scroll of identify
 d - 3 scrolls of poison
 i - 3 scrolls of teleportation
 j - a scroll of blinking {unknown}
 m - 2 scrolls of enchant weapon
 o - a scroll of immolation {unknown}
 r - 2 scrolls of noise {unknown}
 x - 2 scrolls of amnesia {unknown}
 z - a scroll of summoning {unknown}
Potions
 b - 2 potions of magic
 e - 2 potions of haste
 h - a potion of might {unknown}
 q - 3 potions of curing
 s - a potion of brilliance


   Skills:
 + Level 0.8 Fighting
 - Level 2.1 Dodging
 - Level 2.0 Stealth
 + Level 2.8 Spellcasting
 - Level 2.8 Conjurations
 * Level 11.0 Air Magic


You had 4 spell levels left.
You knew the following spells:

 Your Spells              Type           Power      Damage    Failure   Level
a - Airstrike             Air            21%        2d(3-19)  1%          4
d - Static Discharge      Conj/Air       27%        3-7/arc   1%          2
s - Shock                 Conj/Air       100%       1d9       1%          1

Your spell library contained the following spells:

 Spells                   Type           Power      Damage    Failure   Level
 Swiftness                Air            42%        N/A       1%          3
 Gell's Gravitas          Tloc           2%         N/A       45%         3
 Lesser Beckoning         Tloc           2%         N/A       45%         3
 Ozocubu's Armour         Ice            2%         N/A       45%         3
 Teleport Other           Tloc           2%         N/A       45%         3
 Ozocubu's Refrigeration  Ice            1%         4d7       100%        7


Dungeon Overview and Level Annotations

Branches:
Dungeon (5/15)             Temple (1/1) D:5

Altars:
Dithmenos
Elyvilon
Hepliaklqana
Kikubaaqudgha
Nemelex Xobeh
Okawaru
Qazlal
Ru
Trog
Uskayaw
Wu Jian
Xom
The Shining One

Shops:
D:4 :

Annotations:
D:2 1 runed translucent door, Crazy Yiuf
D:4 Grinder
D:5 Dowan


Innate Abilities, Weirdness & Mutations

You have a beak for a mouth.
You have claws for feet.
Your magical nature lets you fly swiftly and evasively.


Message History

There is a staircase back to the Dungeon here.
You start resting.
Magic restored.
You fly upwards.
Welcome back to the Dungeon!
Level annotation: Dowan Dowan says, "Magic will overcome all!"
Dowan casts a spell at you. The shard of ice hits you!!
Ouch! That really hurt!
* * * LOW HITPOINT WARNING * * *
There is a staircase to the Ecumenical Temple, spattered with blood here.
Casting: Airstrike (dangerous; 1% risk of failure)
Confirm with . or Enter, or press ? or * to list all spells.
Aiming: Airstrike (dangerous; 1% risk of failure)
Press: ? - help, Dir - move target, f - Dowan
Aim: Dowan, wielding a +0 dagger and wearing a +0 robe (fast, spells empowered, empty space bonus: 7/8)
Okay, then.
Unknown command.
Unknown command.
Unknown command.
Dowan casts a spell.
Dowan blinks!
You fly downwards.
Welcome back to the Ecumenical Temple!
There is a staircase back to the Dungeon here.
You start resting.
HP restored.
You fly upwards.
Welcome back to the Dungeon!
Level annotation: Dowan
There is a staircase to the Ecumenical Temple, spattered with blood here.
Casting: Airstrike (dangerous; 1% risk of failure)
Confirm with . or Enter, or press ? or * to list all spells.
Aiming: Airstrike (dangerous; 1% risk of failure)
Press: ? - help, Dir - move target, f - Dowan
Aim: Dowan, wielding a +0 dagger and wearing a +0 robe (fast, spells empowered, empty space bonus: 7/8)
The air twists around and strikes Dowan!
Dowan is almost dead.
Dowan casts a spell at you. The stone arrow hits you!!!
Ouch! That really hurt!
You die...

#### ##..## ##....# ##.....#
### #......###.##
####........#..# ##
###......e)......# ###.##
#..[.....@......## #.#..#
#.....#.)))......# .....#
##..#.###.)).....#
#....###...##......)....##
.........................#
..................#.)....###
..#...#....#.....###..#....#
. #..##....#.#####
#..#....## ..ยง.......###
...##.##..#####


You could see Dowan (fast, empowered).

Vanquished Creatures
  Duvessa (D:5)
  3 ogres
  A phantom (D:4)
  A scorpion (D:4)
  A hound (D:4)
  A jelly (D:4)
  An orc priest (D:3)
  An iguana (D:5)
  Terence (D:2)
  3 gnolls (D:4)
  5 adders
  A worm (D:2)
  13 orcs
  3 endoplasms
  4 giant cockroaches
  21 goblins
  9 hobgoblins
  2 jackals (D:1)
  2 quokkas
  11 ball pythons
  4 bats
  3 frilled lizards (D:1)
  8 kobolds
  7 rats
107 creatures vanquished.

Vanquished Creatures (others)
  14 plants (D:4)
14 creatures vanquished.

Grand Total: 121 creatures vanquished

Notes
Turn   | Place    | Note
-------+----------+-------------------------------------------
     0 | D:1      | Godmorgon the Tengu Air Elementalist began the quest for
                  | the Orb.
     0 | D:1      | Reached XP level 1. HP: 10/10 MP: 4/4
   121 | D:1      | Reached XP level 2. HP: 15/15 MP: 1/6
   124 | D:1      | Learned a level 2 spell: Static Discharge
   744 | D:1      | Reached XP level 3. HP: 19/19 MP: 7/7
  1050 | D:1      | Reached skill level 5 in Air Magic
  1445 | D:2      | Found a faded altar of an unknown god.
  1446 | D:2      | You fall into a shaft and drop 2 floors!
  1653 | D:4      | Noticed a phantom
  1719 | D:4      | Noticed an ogre
  1724 | D:5      | Entered Level 5 of the Dungeon
  1851 | D:5      | Reached XP level 4. HP: 11/24 MP: 5/8
  2207 | D:4      | Found a shadowy altar of Dithmenos.
  2220 | D:4      | Noticed an ogre
  2225 | D:4      | Killed an ogre
  2226 | D:4      | Reached skill level 6 in Air Magic
  2226 | D:4      | Gained mutation: Your magical nature lets you fly swiftly
                  | and evasively. [Tengu growth]
  2226 | D:4      | Reached XP level 5. HP: 18/28 MP: 2/9
  2261 | D:4      | Reached skill level 7 in Air Magic
  2973 | D:2      | Noticed Terence
  2981 | D:2      | Learned a level 4 spell: Airstrike
  2989 | D:2      | Killed Terence
  3298 | D:2      | Found a runed translucent door.
  3299 | D:2      | Noticed Crazy Yiuf
  3449 | D:3      | Reached XP level 6. HP: 25/32 MP: 4/10
  3580 | D:3      | Found a white marble altar of Elyvilon.
  3650 | D:3      | Reached skill level 8 in Air Magic
  3714 | D:3      | Found a stormy altar of Qazlal.
  3899 | D:3      | Found a shimmering altar of Xom.
  4677 | D:4      | Found Mealoarr's Book Shoppe.
  4707 | D:4      | Reached skill level 9 in Air Magic
  4873 | D:4      | Reached XP level 7. HP: 30/36 MP: 6/11
  5180 | D:4      | Noticed Grinder
  5467 | D:4      | Reached skill level 10 in Air Magic
  5994 | D:5      | Found a staircase to the Ecumenical Temple.
  6004 | Temple   | Entered the Ecumenical Temple
  6322 | D:5      | Noticed Dowan
  6333 | D:5      | Noticed Duvessa
  6334 | D:5      | Killed Duvessa
  6335 | D:5      | Reached skill level 11 in Air Magic
  6677 | D:5      | Killed from afar by Dowan

Illustrated notes

Levels and vault maps discovered:
D:1:      dpeg_arrival_rhombus, layout_basic
D:2:      layout_basic, shapermc_ecumenical_altar_acropolis,
          uniq_crazy_yiuf_cottage, uniq_terence
D:3:      layout_loops_ring, tgw_xom, mainiacjoe_overflow_24_doors,
          old_standard_altar
D:4:      layout_basic, mainiacjoe_overflow_six_doors_small, serial_bayou,
          serial_bayou_crossing, serial_bayou_lagoon_a, serial_bayou_pond_a,
          serial_bayou_pond_e, serial_shops, shop_fountains, uniq_grinder
D:5:      lemuel_castle_with_subvaults [lemuel_castle_interior_carwin_1],
          layout_cave_pools, minmay_temple_entry_offerings,
          minmay_ogre_servants, uniq_duvessa, uniq_eustachio, uniq_edmund
Temple:   nicolae_temple_cloud_nine

Skill      XL: |  1  2  3  4  5  6  7 |
---------------+----------------------+-----
Conjurations   | 2 |  2.8
Air Magic      | 5 6 7 9 11 | 11.0
Fighting       | |  0.8
Dodging        | |  2.1
Stealth        | |  2.0
Spellcasting   | |  2.8

Action                   |  1- 3 |  4- 6 |  7- 9 || total
-------------------------+-------+-------+-------++-------
Melee: Dagger            |       |     3 |    17 ||    20
       Kick              |       |     1 |     5 ||     6
       Peck              |       |     1 |     2 ||     3
Throw: Dart              |    10 |    14 |     2 ||    26
 Cast: Shock             |    71 |    38 |     7 ||   116
       Static Discharge  |     7 |    25 |    11 ||    43
       Airstrike         |       |     2 |     3 ||     5
  Use: Potion            |       |     1 |       ||     1
       Scroll            |       |       |     5 ||     5
Armor: Robe              |     1 |     5 |     2 ||     8
Dodge: Dodged            |     9 |    20 |    20 ||    49
Block: Other             |       |       |     8 ||     8
       Reflection        |       |       |     2 ||     2
